 Dungeon Crawl Stone Soup version 0.25-a0-774-g40ae2d4f90 (webtiles) character file.

Game seed: 3659840019523073576, levelgen mode: deterministic

49 Bikalo the Poker (level 3, -1/29 HPs)
             Began as a Demonspawn Chaos Knight on Apr 14, 2020.
             Was a Plaything of Xom.
             Slain by an orc
             ... wielding a +0 mace
              (3 damage)
             ... on level 4 of the Dungeon.
             The game lasted 00:03:00 (1284 turns).

Bikalo the Poker (Demonspawn Chaos Knight)          Turns: 1284, Time: 00:03:00

Health: -1/29      AC: 13    Str: 13    XL:     3   Next: 53%
Magic:  3/3        EV:  6    Int: 13    God:    Xom [....*.]
Gold:   66         SH:  0    Dex: 12    Spells: 2/2 levels left

rFire    . . .     SeeInvis .   a - +0 spear (chaos)
rCold    . . .     Gourm    .   (no shield)
rNeg     . . .     Faith    .   g - +2 chain mail {rPois}
rPois    +         Spirit   .   (no helmet)
rElec    .         Reflect  .   (no cloak)
rCorr    .         Harm     .   h - +0 pair of gloves
MR       .....                  (no boots)
Stlth    ..........             (no amulet)
HPRegen  0.09/turn              (no ring)
MPRegen  0.08/turn              (no ring)

@: hasted, very quick
A: molten scales 1
a: Renounce Religion


You were on level 4 of the Dungeon.
You worshipped Xom.
You were a beloved toy of Xom.
You were not hungry.

You visited 2 branches of the dungeon, and saw 4 of its levels.

You collected 66 gold pieces.

Inventory:

Hand Weapons
 a - a +0 spear of chaos (weapon)
 f - a +0 rapier
Armour
 b - a +2 leather armour
 g - a +2 chain mail of poison resistance (worn)
 h - a +0 pair of gloves (worn)
Scrolls
 d - 5 scrolls of remove curse
 i - a scroll of enchant weapon {unknown}
 k - a scroll of identify
Comestibles
 c - a ration


   Skills:
 + Level 3.4 Fighting
 * Level 3.5 Polearms
 + Level 2.3 Armour
 - Level 0.8 Dodging


You had 2 spell levels left.
You didn't know any spells.
Your spell library was empty.

Dungeon Overview and Level Annotations

Branches:
Dungeon (4/15)             Temple (1/1) D:4

Altars:
Xom


Innate Abilities, Weirdness & Mutations

You are partially covered in molten scales. (AC +2)


Message History

The orc hits you but does no damage. Something bites you but does no damage.
The orc hits you but does no damage. x2; Something hits you but does no damage.
You bump into the stone wall.
The orc wizard casts a spell.
The orc wizard seems to speed up.
Something bites you.
The orc hits you from afar with a +0 trident.
* * * LOW HITPOINT WARNING * * *
You completely miss something.
You feel less confused. The orc hits you but does no damage.
The orc completely misses you. Something hits you but does no damage.
Something bites you but does no damage.
You miss something. Something bites you.
* * * LOW HITPOINT WARNING * * *
The orc hits you from afar with a +0 trident.
* * * LOW HITPOINT WARNING * * *
The orc barely misses you. Something hits you but does no damage.
Unknown command.
You miss something. The orc hits you with a +0 mace.
You die...
Xom titters!

##### #..._####
._..__ ## #.._# .#
##...## #.# #..a.Z##
..# #..#{#.o##.#
.... ##@##a...#
....##o{o##...#####
....orOoooO.........
#.__##...##...######
#....##.##.._.#
#.##..#.#..##_.#
##..##.....## ..#
....##_..## ....
#..#...#..######


You could see 2 ogres, a porcupine, a worker ant, an orc wizard and 5 orcs.

Vanquished Creatures
  An iguana (Temple)
  A worker ant (D:4)
  A bat (D:1)
  3 goblins (D:1)
  A hobgoblin (D:1)
  2 jackals (D:1)
  A ball python (D:1)
  3 frilled lizards (D:1)
  A kobold (D:1)
14 creatures vanquished.

Vanquished Creatures (collateral kills)
  A hound skeleton (D:4)
1 creature vanquished.

Grand Total: 15 creatures vanquished

Notes
Turn   | Place    | Note
-------+----------+-------------------------------------------
     0 | D:1      | Bikalo the Demonspawn Chaos Knight began the quest for the
                  | Orb.
     0 | D:1      | Reached XP level 1. HP: 18/18 MP: 1/1
     3 | D:1      | XOM: silly message
    83 | D:1      | XOM: potion effect (berserk rage)
   221 | D:1      | XOM: god gift: rapier {god gift}
   451 | D:1      | Gained mutation: You are partially covered in molten
                  | scales. (AC +2) [demonic ancestry]
   451 | D:1      | Reached XP level 2. HP: 24/24 MP: 2/2
   809 | D:2      | You fall into a shaft and drop 2 floors!
   810 | D:4      | Noticed an ogre
   811 | D:4      | XOM: fog
   812 | D:4      | XOM: confuse monster(s)
   813 | D:4      | XOM: cast spell 'Summon Mana Viper'
   822 | D:4      | Noticed a bullfrog
   849 | D:4      | XOM: scenery: create altars
   855 | D:4      | Reached XP level 3. HP: 6/29 MP: 3/3
   857 | D:4      | XOM: summons friendly iron imp
   861 | D:4      | HP: 1/29 [hound (3)]
   877 | D:4      | XOM: destruction
   884 | D:4      | XOM: scenery: create altars
   885 | D:4      | Found a staircase to the Ecumenical Temple.
   886 | D:4      | Noticed an ogre
   886 | D:4      | Noticed an ogre
   903 | Temple   | Entered the Ecumenical Temple
  1039 | Temple   | XOM: silly message
  1132 | Temple   | XOM: god gift: scroll labeled XODECENISU {god gift}
  1263 | D:4      | XOM: scenery: create altars
  1271 | D:4      | Noticed a porcupine
  1271 | D:4      | a bullfrog changed into a porcupine
  1271 | D:4      | XOM: polymorph bullfrog -> porcupine
  1273 | D:4      | XOM: snakes to sticks
  1283 | D:4      | HP: 1/29 [orc/+0 trident (3)]
  1284 | D:4      | Slain by an orc

Levels and vault maps discovered:
D:1:      dpeg_arrival_orchard, layout_basic
D:2:      layout_basic, nicolae_qazlal_style_of_elements,
          chequers_ecumenical_altar_island, kennysheep_generic_room_3
D:4:      layout_rooms, fedhas_altar_2, minmay_temple_entry_waves,
          hangedman_minor_gate_pass
Temple:   regret_index_temple_generic_petals

Skill      XL: |  1 |
---------------+----+-----
Polearms       | 3 |  3.5
Armour         | 2 |  2.3
Fighting       | |  3.4
Dodging        | |  0.8

Action                   || total
-------------------------++-------
Melee: Spear             ||    68
  Use: Scroll            ||     4
       Potion            ||     2
  Eat: Ration            ||     1
Armor: Chain mail        ||    85
       Leather armour    ||     2
Dodge: Dodged            ||    44

Table legend:
 A = Non-vault XP
 B = Vault XP
 C = Vault XP percentage of total XP
 D = Non-vault monster count
 E = Vault monster count
 F = Vault count percentage of total count
                 A         B        C        D         E       F
            +---------+---------+-------+---------+---------+-------
      Total |      60 |      11 |  15.5 |      14 |       1 |   6.7
            +---------+---------+-------+---------+---------+-------
        D:1 |      19 |       0 |   0.0 |      12 |       0 |   0.0
        D:4 |      36 |      11 |  23.4 |       1 |       1 |  50.0
     Temple |       5 |       0 |   0.0 |       1 |       0 |   0.0
            +---------+---------+-------+---------+---------+-------
